Map: Blackpink LE

Players

Lillekanin - Winner!

  • Race: Terran Terran
  • Spawn Location: 7:00

VitamiN

  • Race: Zerg Zerg
  • Spawn Location: 1:00

Event: WCS Leipzig 2018

VOD

Have the link to the VOD?

Description

Time

  • Played on: Jan. 26, 2018, 6:37 a.m.
  • Length: 13:49

All games in this series

Show
View Real Time Build Order
Export as new Build Order

Lillekanin Terran - Winner!

Build Orders: Hellion Banshee, Mech 

Get SALT Encoding   

  12  0:00  SCV  
  13  0:12  SCV  
  14  0:18  Supply Depot  
  14  0:25  SCV  
  14  0:28  Refinery  
  15  0:40  SCV  
  16  0:45  Barracks  
  16  0:52  SCV  
  17  1:04  SCV  
  18  1:16  SCV  
  21  1:32  Reaper  
  21  1:33  Orbital Command  
  20  1:47  Command Center  
  20  1:57  Factory  
  20  2:01  SCV  
  20  2:06  Barracks Reactor  
  21  2:13  SCV  
  22  2:15  Supply Depot  
  22  2:21  Refinery  
  22  2:25  SCV  
  23  2:38  SCV  
  24  2:49  Starport  
  24  2:50  SCV  
  25  2:54  Hellion x2  
  29  3:02  SCV, Barracks Tech Lab, Orbital Command  
  30  3:14  SCV  
  30  3:19  Hellion  
  33  3:20  Hellion  
  33  3:26  SCV  
  33  3:27  Supply Depot  
  36  3:32  SCV  
  37  3:38  SCV  
  37  3:39  Banshee  
  41  3:42  Cloaking Field  
  41  3:44  SCV  
  42  3:50  SCV  
  42  3:52  Marine  
  48  3:55  Hellion x2  
  48  3:57  SCV  
  49  4:02  SCV  
  49  4:07  Armory  
  49  4:09  SCV  
  51  4:13  Supply Depot  
  51  4:22  Cyclone  
  54  4:35  SCV, Cyclone  
  57  4:40  SCV  
  57  4:41  Command Center  
  58  4:47  SCV  
  58  4:48  Supply Depot  
  55  4:53  SCV  
  55  4:54  Hellion  
  55  4:59  SCV  
  53  5:05  SCV  
  53  5:06  Banshee  
  57  5:07  Hellion  
  57  5:08  Refinery  
  57  5:11  SCV  
  58  5:17  SCV  
  59  5:23  SCV  
  59  5:27  Refinery  
  59  5:28  Terran Vehicle Weapons Level 1  
  60  5:30  SCV  
  60  5:35  SCV  
  62  5:38  Factory  
  62  5:39  Factory  
  62  5:42  SCV  
  63  5:47  SCV  
  63  5:49  Hellion x2  
  68  5:51  Supply Depot  
  68  5:54  SCV, Supply Depot  
  68  5:56  Banshee  
  72  5:59  SCV  
  73  6:06  SCV  
  74  6:11  SCV  
  74  6:14  Hellion x2, Orbital Command  
  74  6:18  SCV  
  76  6:20  Engineering Bay  
  76  6:23  SCV  
  76  6:25  Factory Tech Lab x2  
  71  6:27  Supply Depot  
  71  6:30  SCV, Supply Depot  
  69  6:35  Hellion, Supply Depot  
  69  6:36  Hellion, SCV, Supply Depot  
  74  6:42  SCV  
  74  6:44  Siege Tank x2  
  74  6:46  Orbital Command  
  81  6:48  SCV  
  82  6:54  SCV  
  82  6:58  Armory  
  82  7:00  SCV  
  84  7:02  Refinery  
  84  7:03  Refinery  
  84  7:06  SCV, Viking  
  87  7:12  SCV, Infernal Pre-Igniter  
  88  7:17  SCV  
  88  7:18  SCV  
  90  7:24  SCV  
  90  7:29  SCV, Thor  
  98  7:30  SCV  
  98  7:33  Thor  
  98  7:36  SCV  
  106  7:41  SCV  
  106  7:43  SCV  
  108  7:48  SCV  
  103  7:52  Missile Turret  
  103  7:53  SCV  
  103  7:54  Missile Turret x2  
  103  7:55  SCV  
  103  7:57  Terran Vehicle Weapons Level 2  
  103  8:00  SCV  
  103  8:01  Missile Turret  
  103  8:02  Terran Vehicle And Ship Armor Level 1  
  103  8:03  Hellion  
  103  8:04  Hellion  
  103  8:05  SCV  
  109  8:07  SCV  
  109  8:11  Missile Turret  
  109  8:12  Thor  
  116  8:16  SCV, Factory  
  116  8:17  SCV, Factory  
  116  8:19  SCV  
  119  8:28  Barracks Reactor, Sensor Tower  
  119  8:31  Missile Turret, Siege Tank  
  119  8:32  Hellion x2, Missile Turret  
  126  8:35  Supply Depot  
  126  8:45  SCV  
  124  8:50  SCV  
  124  8:53  Supply Depot  
  124  8:54  Supply Depot  
  124  8:55  Hellion x2, Siege Tank  
  128  8:56  Hellion x2  
  128  8:57  Supply Depot  
  128  8:59  Supply Depot  
  128  9:00  SCV  
  129  9:03  Factory Tech Lab, Siege Tank  
  132  9:12  Command Center  
  132  9:20  Hellion  
  132  9:21  Hellion  
  136  9:24  Siege Tank  
  136  9:26  Hellion  
  136  9:27  SCV, Thor  
  136  9:28  SCV  
  136  9:30  SCV  
  150  9:35  Siege Tank  
  150  9:37  Starport  
  153  9:43  Smart Servos  
  149  9:46  Hellion x2  
  149  9:53  Refinery, Hellion  
  149  9:55  Refinery  
  149  9:56  Siege Tank  
  149  9:59  Hellion, Missile Turret  
  156  10:01  SCV, Missile Turret  
  156  10:04  Sensor Tower  
  161  10:07  Hellion x2  
  161  10:08  Siege Tank  
  161  10:09  Viking  
  161  10:10  Siege Tank  
  169  10:16  Supply Depot  
  169  10:24  Hellion, Missile Turret  
  169  10:29  Siege Tank  
  170  10:37  Terran Vehicle And Ship Armor Level 2  
  170  10:39  Hellion, Thor  
  170  10:42  Thor  
  184  10:49  Starport Tech Lab  
  184  10:55  Starport  
  184  11:01  Siege Tank  
  184  11:04  Planetary Fortress  
  187  11:05  Hellion x2  
  187  11:12  Command Center, Corvid Reactor  
  187  11:16  Command Center  
  181  11:31  Viking x3  
  187  11:37  Siege Tank  
  187  11:39  Supply Depot  
  190  11:47  Building Armor  
  190  11:48  Command Center  
  190  11:50  Siege Tank  
  190  11:51  Hellion  
  195  12:03  Hellion x2  
  194  12:23  Thor  
  189  12:30  Thor  
  189  12:31  Hellion x2  
  195  12:40  Starport Tech Lab  
  194  12:47  Hellion, Siege Tank  
  199  12:58  Orbital Command  
  200  13:13  Refinery  
  200  13:18  Missile Turret  
  200  13:23  Refinery, Missile Turret  
Show
View Real Time Build Order
Export as new Build Order

VitamiN Zerg 

Build Orders: Hatch First 

Get SALT Encoding   

  12  0:01  Drone  
  13  0:13  Overlord  
  13  0:17  Drone  
  14  0:31  Drone x2  
  17  0:35  Drone  
  17  0:53  Hatchery  
  17  0:57  Drone  
  17  1:00  Drone  
  18  1:12  Extractor  
  18  1:16  Spawning Pool  
  16  1:18  Drone  
  16  1:22  Drone  
  18  1:31  Drone  
  19  1:41  Overlord  
  19  2:03  Queen  
  19  2:04  Zergling x4  
  19  2:06  Queen  
  19  2:07  Zergling x2  
  26  2:12  Metabolic Boost  
  26  2:14  Drone  
  27  2:17  Drone  
  28  2:28  Drone x2  
  30  2:38  Drone  
  30  2:53  Pneumatized Carapace  
  30  3:01  Queen  
  30  3:04  Overlord  
  31  3:06  Drone x5  
  35  3:15  Overlord  
  35  3:24  Drone x5  
  40  3:27  Drone x2  
  42  3:43  Hatchery  
  42  3:47  Queen  
  43  3:51  Queen  
  45  4:03  Spore Crawler  
  45  4:06  Spore Crawler  
  43  4:11  Spore Crawler  
  43  4:12  Zergling x6  
  43  4:13  Zergling x4  
  47  4:20  Overlord  
  47  4:23  Evolution Chamber  
  46  4:24  Evolution Chamber  
  46  4:31  Queen x2  
  49  4:38  Overlord  
  49  4:51  Zergling x6  
  49  4:52  Zergling x6  
  49  5:00  Zerg Ground Armor Level 1, Zerg Melee Weapons Level 1  
  49  5:03  Overlord  
  49  5:09  Queen  
  51  5:16  Drone x4  
  53  5:32  Lair  
  53  5:34  Baneling Nest, Drone x2  
  53  5:35  Drone x2  
  55  5:39  Drone  
  57  5:51  Overlord  
  57  5:55  Extractor x2  
  55  5:58  Extractor  
  55  6:00  Zergling x2  
  55  6:01  Zergling x12  
  58  6:28  Drone x3  
  58  6:29  Drone x3  
  64  6:42  Overlord  
  64  6:43  Drone, Overlord x2  
  64  6:44  Drone x7  
  72  6:52  Hydralisk Den  
  71  6:54  Zerg Missile Weapons Level 1  
  71  7:00  Centrifical Hooks  
  71  7:01  Overlord  
  71  7:11  Overlord x2  
  71  7:14  Drone x3  
  71  7:15  Drone x2  
  76  7:21  Muscular Augments  
  75  7:28  Overseer  
  71  7:44  Drone  
  71  7:45  Drone x11  
  83  7:51  Baneling x3  
  83  7:52  Baneling  
  83  8:02  Overlord  
  83  8:11  Zerg Ground Armor Level 2  
  83  8:12  Infestation Pit  
  82  8:16  Extractor  
  82  8:17  Extractor  
  80  8:31  Hatchery, Hydralisk  
  80  8:32  Hydralisk x6  
  93  8:40  Overlord  
  93  8:43  Drone x3  
  96  8:57  Overlord  
  96  8:58  Hydralisk  
  96  8:59  Hydralisk x5  
  108  9:05  Zerg Melee Weapons Level 2  
  108  9:12  Drone x6  
  114  9:20  Hive  
  114  9:23  Overlord x2  
  110  9:34  Hydralisk  
  110  9:35  Hydralisk x3  
  117  9:53  Extractor  
  117  9:56  Extractor  
  117  9:57  Drone x3  
  117  9:58  Drone x3  
  117  9:59  Drone  
  122  10:00  Drone x7  
  122  10:01  Drone  
  130  10:18  Overlord x3  
  117  10:33  Drone x2  
  117  10:34  Drone x4  
  123  10:42  Hatchery  
  122  10:53  Ultralisk Cavern  
  122  10:54  Zerg Ground Armor Level 3  
  122  10:56  Adrenal Glands  
  121  10:57  Zergling x2  
  121  10:58  Zergling x20  
  132  11:11  Overlord  
  132  11:13  Hydralisk x5  
  142  11:20  Baneling x10  
  142  11:21  Baneling x3  
  142  11:38  Spire  
  141  11:53  Drone  
  141  11:54  Drone x6  
  144  11:55  Drone x2  
  144  11:59  Chitinous Plating  
  138  12:19  Ultralisk x3  
  138  12:20  Ultralisk  
  154  12:30  Drone  
  154  12:31  Drone x5  
  160  12:52  Corruptor x6  
  160  12:57  Corruptor  
  174  13:07  Ultralisk  
  180  13:26  Zergling x12  
Tags
 
Add a new tag
Caveats
  • Supply blocks, unpowered buildings, or Contaminate may cause inaccurate times.
  • Supply counts are checked every 10 seconds.